 Dungeon Crawl Stone Soup version 0.29-a0-359-g541a27f54d (webtiles) character file.

Game seed: 12604952079716733239

1596 Zeldest the Slasher (level 8, -3/49 HPs)
             Began as a Tengu Gladiator on Apr 28, 2022.
             Was an Elder of Dithmenos.
             Slain by a gnoll sergeant
             ... wielding a +4 spear of freezing
              (4 damage)
             ... on level 7 of the Dungeon.
             The game lasted 00:06:40 (4673 turns).

Zeldest the Slasher (Tengu Gladiator)               Turns: 4673, Time: 00:06:40

Health: -3/49      AC:  5    Str: 21    XL:     8   Next: 93%
Magic:  11/12      EV: 18    Int:  9    God:    Dithmenos [****..]
Gold:   308        SH:  0    Dex: 17    Spells: 7/7 levels left

rFire   . . .      SeeInvis +   a - +0 long sword
rCold   . . .      Faith    .   (no shield)
rNeg    . . .      Spirit   .   b - +0 leather armour
rPois   .          Reflect  .   c - +0 hat
rElec   .          Harm     .   (no cloak)
rCorr   .          Rampage  .   o - +1 pair of gloves
Will    .....                   (boots unavailable)
Stlth   ++++......              B - amulet of regeneration
HPRegen 0.96/turn               p - +6 ring of strength
MPRegen 0.13/turn               z - ring of see invisible

@: flying quickly and evasively, wreathed by umbra, quick
A: beak, talons 3, nimble flight
a: Renounce Religion, Shadow Step


You were on level 7 of the Dungeon.
You worshipped Dithmenos.
Dithmenos was greatly pleased with you.
You visited 1 branch of the dungeon, and saw 7 of its levels.
You also visited: Sewer.

You collected 308 gold pieces.

Inventory:

Hand Weapons
 a - a +0 long sword (weapon)
 J - a +2 hand axe of flaming
Missiles
 d - 3 throwing nets (quivered)
 e - a javelin
Armour
 b - a +0 leather armour (worn)
 c - a +0 hat (worn)
 o - a +1 pair of gloves (worn)
Jewellery
 p - a +6 ring of strength (left hand)
 r - an amulet of magic regeneration
 z - a ring of see invisible (right hand)
 B - an amulet of regeneration (around neck)
 N - a ring of ice
Wands
 m - a wand of iceblast (15)
 y - a wand of flame (26)
Scrolls
 g - 2 scrolls of teleportation {unknown}
 h - 2 scrolls of torment {unknown}
 i - a scroll of immolation {unknown}
 k - 4 scrolls of blinking
 l - 2 scrolls of fog {unknown}
 v - 2 scrolls of noise {unknown}
 x - a scroll of silence {unknown}
 C - a scroll of brand weapon {unknown}
 D - 2 scrolls of enchant armour
 G - a scroll of identify {unknown}
 K - a scroll of magic mapping {unknown}
 L - a scroll of enchant weapon {unknown}
Potions
 j - 6 potions of resistance {unknown}
 n - 3 potions of lignification {unknown}
 q - a potion of ambrosia {unknown}
 s - a potion of mutation {unknown}
 t - a potion of haste {unknown}
 u - a potion of might {unknown}
 w - 2 potions of curing {unknown}
 E - a potion of brilliance {unknown}
 F - a potion of attraction {unknown}
 H - a potion of magic {unknown}
 I - 2 potions of berserk rage {unknown}
 M - a potion of heal wounds {unknown}


   Skills:
 + Level 5.2 Fighting
 + Level 6.5 Long Blades
 - Level 2.0 Throwing
 + Level 6.3 Dodging
 + Level 4.9 Stealth
 + Level 4.0 Invocations


You had 7 spell levels left.
You didn't know any spells.
Your spell library contained the following spells:

 Spells                   Type           Power      Damage    Failure   Level
 Pain                     Necr           0%         1d4       43%         1
 Shock                    Conj/Air       0%         1d3       43%         1
 Slow                     Hex            0%         N/A       43%         1
 Confusing Touch          Hex            0%         N/A       80%         3
 Stone Arrow              Conj/Erth      0%         3d7       80%         3
 Swiftness                Air            0%         N/A       80%         3
 Vampiric Draining        Necr           0%         2d6       80%         3
 Airstrike                Air            0%         N/A       99%         4
 Animate Armour           Summ/Erth      0%         N/A       99%         4
 Agony                    Necr           0%         N/A       100%        5
 Excruciating Wounds      Necr           0%         N/A       100%        5
 Lehudib's Crystal Spear  Conj/Erth      0%         10d2      100%        8


Dungeon Overview and Level Annotations

Branches:
Dungeon (7/15)             Temple (0/1) D:4           Sewer (visited)

Altars:
Ashenzari
Dithmenos
Gozag

Shops:
D:5 [


Innate Abilities, Weirdness & Mutations

You have a beak for a mouth.
You have claws for feet.
Your magical nature lets you fly swiftly and evasively.


Message History

The phantom is almost destroyed.
The white imp sputters.
The phantom hits you.
You barely miss the phantom. You claw the phantom.
You destroy the phantom!
Dithmenos accepts your kill.
You slash the bullfrog!
The bullfrog is severely wounded.
The bullfrog closely misses you. The bullfrog barely misses you.
The gnoll sergeant hits you from afar with a +4 spear of freezing.
The gnoll sergeant freezes you.
You hit the bullfrog but do no damage. Your kick misses the bullfrog.
The bullfrog is severely wounded.
The bullfrog misses you. The gnoll sergeant barely misses you.
The bullfrog completely misses you.
You slash the bullfrog!
You kill the bullfrog!
Dithmenos accepts your kill.
The gnoll sergeant hits you from afar with a +4 spear of freezing.
The gnoll sergeant freezes you. The white imp gestures at you.
The puff of frost hits you!
Your Invocations skill increases to level 4!
You are too injured to fight recklessly!
You are too injured to fight recklessly!
You are too injured to fight recklessly!
You are too injured to fight recklessly!
You are too injured to fight recklessly!
You are too injured to fight recklessly!
You are too injured to fight recklessly!
Found 25 gold pieces and a robe.
The gnoll sergeant hits you with a +4 spear of freezing!
The gnoll sergeant freezes you. The white imp misses you.
Items here: ) [[ ††.
You hit the gnoll sergeant but do no damage.
Your peck misses the gnoll sergeant.
The gnoll sergeant hits you with a +4 spear of freezing!
* * * LOW HITPOINT WARNING * * *
The gnoll sergeant freezes you.
You die...

#.# ### #.# #.. ..
#.# #.#### .# #.#
#..#..##.#####[ #.#
#.##$.......[.#
#.#####..##.......=
#.........# Fl...#
#.####....###5gS#
#.# ####..##@#
####.# ##...##
.....# ##.........
###### ####.....#
######


You could see a water moccasin, a gnoll sergeant, a bullfrog, an iguana and a
white imp.

Vanquished Creatures
  A water moccasin (D:5)
  An orc warrior (D:7)
  An ice beast (D:5)
  A centaur (D:5)
  A phantom (D:7)
  2 bullfrogs (D:7)
  A necrophage (D:4)
  6 scorpions
  A howler monkey (D:6)
  A jelly (D:4)
  6 hounds
  An orc priest (D:4)
  An orc wizard (D:6)
  3 iguanas
  9 adders
  2 river rats
  An ufetubus (D:5)
  2 worms (D:2)
  2 dart slugs (D:3)
  8 orcs
  4 endoplasms
  17 giant cockroaches
  7 goblins
  9 hobgoblins
  8 jackals
  6 quokkas
  15 ball pythons
  2 bats
  7 frilled lizards
  8 kobolds
  18 rats
152 creatures vanquished.

Notes
Turn   | Place    | Note
-------+----------+-------------------------------------------
     0 | D:1      | Zeldest the Tengu Gladiator began the quest for the Orb.
     0 | D:1      | Reached XP level 1. HP: 12/12 MP: 2/2
   104 | D:1      | Reached XP level 2. HP: 10/17 MP: 3/3
   608 | D:1      | Found a faded altar of an unknown god.
   811 | D:1      | Reached XP level 3. HP: 13/22 MP: 4/4
  1175 | D:1      | Prayed at the altar of an unknown god.
  1175 | D:1      | Became a worshipper of Dithmenos the Shadowed
  1175 | D:1      | Reached * piety under Dithmenos
  1838 | D:2      | Reached XP level 4. HP: 26/27 MP: 5/5
  1843 | D:2      | Reached ** piety under Dithmenos
  2270 | D:3      | Reached skill level 1 in Stealth
  2483 | D:3      | Reached skill level 1 in Invocations
  2573 | D:3      | Found an opulent altar of Gozag.
  2578 | D:3      | Gained mutation: Your magical nature lets you fly swiftly
                  | and evasively. [Tengu growth]
  2578 | D:3      | Reached XP level 5. HP: 32/32 MP: 6/6
  3061 | D:4      | Reached XP level 6. HP: 33/37 MP: 8/8
  3168 | D:4      | Found a staircase to the Ecumenical Temple.
  3372 | D:5      | Entered Level 5 of the Dungeon
  3396 | D:5      | Reached *** piety under Dithmenos
  3421 | D:5      | Found a glowing drain.
  3434 | D:5      | Reached skill level 5 in Long Blades
  3434 | D:5      | Reached XP level 7. HP: 33/42 MP: 9/9
  3444 | Sewer    | Entered a sewer
  3837 | D:5      | Reached skill level 5 in Dodging
  3996 | D:5      | Found Recacelu's Antique Armour Emporium.
  4352 | D:5      | Reached XP level 8. HP: 32/48 MP: 11/11
  4451 | D:6      | Reached **** piety under Dithmenos
  4499 | D:6      | Noticed a five-headed hydra
  4654 | D:7      | Found a broken altar of Ashenzari.
  4666 | D:7      | Reached skill level 5 in Fighting
  4673 | D:7      | HP: 1/49 [gnoll sergeant/+4 spear of freezing (16)]
  4673 | D:7      | Slain by a gnoll sergeant

Illustrated notes

Levels and vault maps discovered:
D:1:      roderic_octagonal_star, layout_rooms,
          shapermc_ecumenical_altar_totnotflames
D:2:      minmay_roachtagon, layout_rooms,
          nicolae_concentric_dashed_squares_mild
D:3:      cheibrodos_old_hovel, layout_rooms,
          nicolae_gozag_cash_rules_everything_around_me
D:4:      cheibrodos_pilgrimage, layout_basic, temple_green
D:5:      layout_loops_ring, portal_sewer_entry_b, chequers_mini_garden,
          nicolae_take_the_stairs
D:6:      cheibrodos_fzero, layout_cave_pools, minmay_misc_feat_chi
D:7:      layout_loops_ring, ebering_ghost_reflecting_pool, minmay_ruined_shrine

Skill      XL: |  1  2  3  4  5  6  7  8 |
---------------+-------------------------+-----
Long Blades    | 4 5 6 |  6.5
Stealth        | 1 2 3 4 |  4.9
Dodging        | 4 5 6 |  6.3
Invocations    | 1 2 3 4 |  4.0
Fighting       | 3 4 5 |  5.2
Throwing       | |  2.0

Action                   |  1- 3 |  4- 6 |  7- 9 || total
-------------------------+-------+-------+-------++-------
Melee: Long sword        |   107 |   146 |   137 ||   390
       Kick              |    24 |    39 |    33 ||    96
       Peck              |    16 |    18 |    29 ||    63
       Punch             |     1 |     2 |     1 ||     4
Evoke: Wand              |       |       |     3 ||     3
  Use: Scroll            |       |       |     4 ||     4
 Stab: Sleeping          |       |     4 |    10 ||    14
       Distracted        |       |     1 |       ||     1
Armor: Leather armour    |    23 |    28 |    14 ||    65
Dodge: Dodged            |    88 |   156 |   142 ||   386

Table legend: (Time is in decaauts)
 A = Elapsed time spent in this place.
 B = Non-inter-level travel time spent in this place.
 C = Inter-level travel time spent in this place.
 D = Time resting spent in this place.
 E = Time spent auto-exploring this place.
 F = Levels seen in this place.
 G = Mean time per level.
                   A        B        C        D        E       F      G
               +--------+--------+--------+--------+--------+-----+--------+
         Total |   4558 |   4355 |    203 |   1019 |   2118 |   8 |  569.8 |
       Dungeon |   4254 |   4051 |    203 |   1019 |   1962 |   7 |  607.7 |
         Sewer |    304 |    304 |      0 |      0 |    155 |   1 |  304.0 |
               +--------+--------+--------+--------+--------+-----+--------+

Top non-repeatable levels by time:
     D:1: 1212 daAuts
     D:2: 1057 daAuts
     D:5: 692 daAuts
     D:3: 543 daAuts
     D:4: 527 daAuts
   Sewer: 304 daAuts
     D:6: 170 daAuts
     D:7: 51 daAuts
